 Seeded DCSS version 0.25-a0-857-g60a0bcd (webtiles) character file.

Game seed: 11271806899137378369, levelgen mode: deterministic

17000 Auros the Grappler (level 12, -7/184 HPs)
             Began as a Troll Berserker on Apr 26, 2020.
             Was a High Priest of Trog.
             Mangled by an 11-headed hydra (13 damage)
             ... on level 4 of the Lair of Beasts.
             The game lasted 00:39:16 (11554 turns).

Auros the Grappler (Troll Berserker)               Turns: 11554, Time: 00:39:17

Health: -7/184     AC: 14    Str: 32    XL:     12   Next: 15%
Magic:  11/11      EV: 13    Int:  3    God:    Trog [*****.]
Gold:   581        SH:  0    Dex:  9    Spells: 11/11 levels left

rFire    + . .     SeeInvis .     - Unarmed
rCold    + . .     Gourm    +   (no shield)
rNeg     . . .     Faith    .   f - +3 acid dragon scales
rPois    .         Spirit   .   (helmet restricted)
rElec    .         Reflect  .   b - +0 cloak
rCorr    +         Harm     .   (gloves unavailable)
MR       .....                  (boots unavailable)
Stlth    ..........             n - amulet of magic regeneration
HPRegen  0.80/turn              T - ring of protection from fire
MPRegen  0.37/turn              t - ring of protection from cold

@: berserking, very quick
A: large, unfitting armour, claws 3, talons 1, blurry vision 1, fast metabolism
3, gourmand, sense surroundings 1, regeneration 1, shaggy fur 1, tough skin 3
a: Berserk, Trog's Hand, Brothers in Arms, Renounce Religion


You were on level 4 of the Lair of Beasts.
You worshipped Trog.
Trog was extremely pleased with you.
You were very full.

You visited 3 branches of the dungeon, and saw 15 of its levels.

You collected 755 gold pieces.
You spent 174 gold pieces at shops.

Inventory:

Missiles
 e - 177 arrows
 p - 48 bolts
 u - 28 poisoned darts
 y - 62 sling bullets
 A - 5 boomerangs
 Z - 400 stones (quivered)
Armour
 a - a +0 animal skin
 b - a +0 cloak (worn)
 f - +3 acid dragon scales (worn)
Jewellery
 n - an amulet of magic regeneration (around neck)
 q - an uncursed ring of resist corrosion
 s - a -6 ring of slaying
 t - a ring of protection from cold (right claw)
 T - a ring of protection from fire (left claw)
Wands
 r - a wand of random effects (39)
 x - a wand of paralysis (9)
 C - a wand of flame (16)
 M - a wand of iceblast (8)
 N - a wand of enslavement (13)
 O - a wand of polymorph (9)
Scrolls
 c - 3 scrolls of remove curse
 i - 12 scrolls of identify
 j - 2 scrolls of fear
 k - 4 scrolls of blinking
 l - 4 scrolls of fog {unknown}
 B - 6 scrolls of teleportation
 D - a scroll of enchant weapon {unknown}
 E - 4 scrolls of magic mapping {unknown}
 F - 3 scrolls of noise {unknown}
 J - a scroll of summoning {unknown}
 L - 2 scrolls of silence
 R - a scroll of random uselessness {unknown}
 S - a scroll of vulnerability {unknown}
Potions
 d - 4 potions of curing
 g - 5 potions of heal wounds {unknown}
 h - 3 potions of lignification {unknown}
 m - 3 potions of flight {unknown}
 o - a potion of resistance {unknown}
 v - a potion of berserk rage
 w - a potion of invisibility
 G - a potion of mutation
 H - 3 potions of degeneration {unknown}
 I - a potion of haste {unknown}
 K - a potion of ambrosia {unknown}
 P - a potion of cancellation {unknown}
 Q - a potion of magic {unknown}
 V - a potion of brilliance {unknown}
Comestibles
 z - 26 rations
 U - 3 chunks of flesh


   Skills:
 + Level 9.2 Fighting
 + Level 9.2 Dodging
 - Level 13.5 Unarmed Combat


You had 11 spell levels left.
You didn't know any spells.
Your spell library contained the following spells:

 Spells                   Type           Power        Failure   Level  Hunger
 Animate Skeleton         Necr           N/A          58%         1    ##.....
 Apportation              Tloc           #.....       58%         1    ##.....
 Beastly Appendage        Tmut           #.....       58%         1    ##.....
 Corona                   Hex            #......      58%         1    ##.....
 Foxfire                  Conj/Fire      #...         58%         1    ##.....
 Summon Small Mammal      Summ           #...         58%         1    ##.....
 Sticks to Snakes         Tmut           #.......     73%         2    ###....
 Conjure Flame            Conj/Fire      #.......     91%         3    ####...
 Inner Flame              Hex/Fire       #.......     91%         3    ####...
 Spider Form              Tmut/Pois      #.........   91%         3    ####...
 Ice Form                 Ice/Tmut       #.......     100%        4    #####..
 Sticky Flame             Conj/Fire      #.......     100%        4    #####..
 Blade Hands              Tmut           #.........   100%        5    ######.
 Fireball                 Conj/Fire      #.........   100%        5    ######.


Dungeon Overview and Level Annotations

Branches:
Dungeon (10/15)            Temple (1/1) D:5            Lair (4/6) D:10
  Swamp: Lair:2-4    Shoals: Lair:2-4     Snake: Lair:2-4    Spider: Lair:2-4
    Orc: D:9-12

Altars:
Ashenzari
Cheibriados
Dithmenos
Elyvilon
Fedhas
Gozag
Hepliaklqana
Kikubaaqudgha
Makhleb
Nemelex Xobeh
Okawaru
Qazlal
Ru
Sif Muna
Trog
Uskayaw
Vehumet
Wu Jian
Xom
Yredelemnul
Zin
The Shining One

Shops:
D:9 ?   D:10 }

Annotations:
Lair:1 exclusion: plant


Innate Abilities, Weirdness & Mutations

You are too large for most types of armour.
You have claws for hands.
Your metabolism is lightning-fast.
You like to eat raw meat.
Your natural rate of healing is unusually fast.
You are covered in fur. (AC +1)
You have extremely tough skin. (AC +3)
You have sharp toenails.
Scrolls take you a little longer to read.
You passively map a small area around you.


Message History

Something bites you but does no damage. x2; Something bites you.
* * * LOW HITPOINT WARNING * * *
Something bites you but does no damage. Something bites you!
* * * LOW HITPOINT WARNING * * *
Something bites you!
* * * LOW HITPOINT WARNING * * *
Something bites you.
* * * LOW HITPOINT WARNING * * *
Something bites you but does no damage. Something bites you.
* * * LOW HITPOINT WARNING * * *
You are too berserk!
You are too berserk!
You are too berserk!
You mangle something!! You scratch something. You claw something.
Something bites you.
* * * LOW HITPOINT WARNING * * *
Something bites you!
* * * LOW HITPOINT WARNING * * *
Something bites you!
You die...

** ........#..<.........,
, .........#.....P...##.
* ,
#........##...........
,#.........#...##......
#.......##.........#. * *
#........#....#...... ,
##.............# ...#. ,
####.............#.......
....#.......##@####.... .
, ,
...........(.#'P#.#... ,
...................... ,
.................(.... ,
, ......................
, ......................,
* #+#..PP...............
...P##.....#..###.... ,
.....*.[....####* #...


There were no monsters in sight!

Vanquished Creatures
  A hydra (Lair:3)
  4 black mambas
  5 spiny frogs
  A rime drake (Lair:3)
  4 komodo dragons
  Grinder (D:6)
  8 blink frogs
  5 hippogriffs
  A vampire (D:9)
  2 wyverns
  11 yaks
  6 spriggans (Lair:1)
  Eustachio (D:4)
  2 basilisks
  Menkaure (D:7)
  2 hungry ghosts
  Edmund (D:4)
  7 water moccasins
  Duvessa (D:5)
  6 porcupines
  3 orc warriors
  A phantom (D:6)
  An ice beast (D:6)
  6 wolves (Lair:2)
  2 ogres
  5 crocodiles
  3 centaurs
  4 big kobolds
  8 bullfrogs
  2 gnoll sergeants
  Dowan (D:5)
  3 scorpions
  10 wights
  5 crimson imps
  A quasit (D:10)
  A jelly (D:7)
  3 iguanas
  7 orc priests
  4 hounds
  7 orc wizards
  6 worker ants
  A howler monkey skeleton (D:10)
  13 gnolls
  6 adders
  2 shadow imps
  An ooze (D:6)
  3 adder skeletons
  4 worms
  3 leopard geckos
  42 orcs
  4 giant cockroaches
  3 goblins (D:3)
  4 hobgoblins
  8 jackals
  3 quokkas
  10 bats
  5 frilled lizards
  23 kobolds
  A leopard gecko zombie (D:6)
  5 rats
294 creatures vanquished.

Vanquished Creatures (others)
  6 plants (Lair:1)
6 creatures vanquished.

Grand Total: 300 creatures vanquished

Notes
Turn   | Place    | Note
-------+----------+-------------------------------------------
     0 | D:1      | Auros the Troll Berserker began the quest for the Orb.
     0 | D:1      | Reached XP level 1. HP: 22/22 MP: 0/0
   416 | D:1      | Reached XP level 2. HP: 29/29 MP: 1/1
   933 | D:2      | Reached skill level 4 in Unarmed Combat
   990 | D:2      | Reached XP level 3. HP: 35/36 MP: 2/2
  1186 | D:3      | Reached ** piety under Trog
  1206 | D:3      | Reached XP level 4. HP: 44/44 MP: 3/3
  1208 | D:3      | Reached skill level 5 in Unarmed Combat
  1680 | D:3      | Reached XP level 5. HP: 50/50 MP: 4/4
  1972 | D:3      | Reached *** piety under Trog
  2333 | D:4      | Got a pitted leather armour
  2334 | D:4      | Identified the +2 leather armour of the Little Devil {MR+}
                  | (You found it on level 4 of the Dungeon)
  2356 | D:4      | Reached skill level 6 in Unarmed Combat
  2712 | D:4      | Found a glowing silver altar of Zin.
  2713 | D:4      | Found an opulent altar of Gozag.
  2821 | D:4      | Got a crystal hunting sling
  2822 | D:4      | Identified the cursed +2 hunting sling of Eplekaado {venom,
                  | rElec Int+4} (You found it on level 4 of the Dungeon)
  2890 | D:5      | Entered Level 5 of the Dungeon
  2921 | D:5      | Noticed Eustachio
  2926 | D:5      | Noticed a centaur
  2927 | D:5      | Noticed Edmund
  2939 | D:4      | Killed Edmund
  2939 | D:4      | Reached skill level 7 in Unarmed Combat
  2939 | D:4      | Reached XP level 6. HP: 38/59 MP: 5/5
  2950 | D:4      | Killed Eustachio
  3019 | D:5      | Reached skill level 8 in Unarmed Combat
  3019 | D:5      | Reached XP level 7. HP: 66/66 MP: 6/6
  3369 | D:5      | Noticed Duvessa
  3369 | D:5      | Noticed Dowan
  3379 | D:5      | Killed Duvessa
  3379 | D:5      | Reached skill level 9 in Unarmed Combat
  3385 | D:5      | Killed Dowan
  3416 | D:5      | Found a staircase to the Ecumenical Temple.
  3600 | D:5      | Got a dazzling chain mail
  3601 | D:5      | Identified the +8 chain mail of the Nine Tables {rN+
                  | Stlth+} (You found it on level 5 of the Dungeon)
  3750 | D:6      | Reached XP level 8. HP: 42/74 MP: 7/7
  3892 | D:6      | Reached skill level 10 in Unarmed Combat
  4071 | D:6      | Noticed Grinder
  4093 | D:6      | Killed Grinder
  4242 | D:6      | Reached skill level 11 in Unarmed Combat
  4484 | D:7      | Reached **** piety under Trog
  4510 | D:7      | Noticed Menkaure
  4516 | D:7      | Killed Menkaure
  4574 | D:7      | Found a shimmering altar of Xom.
  4574 | D:7      | Found a hazy altar of Hepliaklqana.
  4746 | D:7      | Found a snail-covered altar of Cheibriados.
  4751 | D:7      | Found a burning altar of Makhleb.
  4752 | D:7      | Found a blossoming altar of Fedhas.
  4752 | D:7      | Found a shattered altar of Ashenzari.
  4752 | D:7      | Found a bloodstained altar of Trog.
  4753 | D:7      | Found a radiant altar of Vehumet.
  4755 | D:7      | Found an iron altar of Okawaru.
  4757 | D:7      | Found a white marble altar of Elyvilon.
  4798 | D:7      | Reached XP level 9. HP: 80/80 MP: 8/8
  5005 | D:7      | Reached skill level 12 in Unarmed Combat
  5096 | Temple   | Entered the Ecumenical Temple
  5615 | D:8      | Found a white marble altar of Elyvilon.
  5720 | D:8      | Gained mutation: You have sharp toenails. [potion of
                  | mutation]
  5720 | D:8      | Gained mutation: Scrolls take you a little longer to read.
                  | [potion of mutation]
  5720 | D:8      | Gained mutation: You passively map a small area around you.
                  | [potion of mutation]
  6268 | D:9      | Reached skill level 13 in Unarmed Combat
  6280 | D:9      | Reached ***** piety under Trog
  6325 | D:9      | Found Moigadox's Magic Scroll Shoppe.
  6391 | D:9      | Bought a scroll of silence for 90 gold pieces
  6391 | D:9      | Bought a scroll of identify for 24 gold pieces
  6391 | D:9      | Bought a scroll of teleportation for 36 gold pieces
  6391 | D:9      | Bought a scroll of identify for 24 gold pieces
  6716 | D:9      | Reached XP level 10. HP: 91/91 MP: 9/9
  6991 | D:10     | Entered Level 10 of the Dungeon
  7284 | D:10     | Found a staircase to the Lair.
  7299 | D:10     | Received a gift from Trog
  7488 | D:10     | Found Baung's Gadget Shoppe.
  7708 | D:10     | Reached skill level 5 in Fighting
  7708 | D:10     | Reached skill level 5 in Dodging
  8038 | Lair:1   | Entered Level 1 of the Lair of Beasts
  8135 | Lair:1   | Noticed a black mamba
  8149 | Lair:1   | Killed a black mamba
  8167 | Lair:1   | Noticed a spiny frog
  8171 | Lair:1   | Killed a spiny frog
  8207 | Lair:1   | Reached XP level 11. HP: 77/107 MP: 10/10
  9045 | Lair:1   | Noticed an eight-headed hydra
 10057 | Lair:2   | You fall into a shaft and drop 1 floor!
 10504 | Lair:2   | Noticed a seven-headed hydra
 11139 | Lair:3   | Killed a 13-headed hydra
 11139 | Lair:3   | Reached XP level 12. HP: 53/122 MP: 11/11
 11537 | Lair:4   | Noticed an eight-headed hydra
 11554 | Lair:4   | HP: 6/184 [something (7)]
 11554 | Lair:4   | Mangled by an 11-headed hydra

Levels and vault maps discovered:
D:1:      lemuel_arrival_tunnels, layout_basic
D:2:      layout_rooms
D:3:      kennysheep_big_flooded_room, layout_basic
D:4:      layout_rooms, grunt_temple_overflow_gold_and_silver, serial_forest,
          infiniplex_forest_end_2, infiniplex_forest_corner_2,
          infiniplex_forest_clump_small, infiniplex_forest_lined_room_2,
          infiniplex_forest_corner_1, infiniplex_forest_lined_3,
          infiniplex_forest_clump_tiny, infiniplex_forest_straight_2,
          infiniplex_forest_clump_large, infiniplex_forest_fountain,
          minmay_misc_feat_room
D:5:      layout_basic, minmay_temple_entry_trees, first_ration, uniq_edmund,
          uniq_duvessa, uniq_eustachio
D:6:      layout_gridville, uniq_grinder
D:7:      layout_gridville, minitemple, uniq_menkaure
D:8:      layout_basic, basic_altar
D:9:      layout_basic, serial_shops, shop
D:10:     layout_loops_ring, lair_entry_dummy, serial_shops,
          nicolae_shop_competitors_out_of_business
Temple:   cyrus_temple_forest
Lair:1:   cheibrodos_lair_river_kwai, layout_loops_ring, wad_woods_01,
          grunt_megastairs_5
Lair:2:   layout_roguey
Lair:3:   layout_hall_layers
Lair:4:   layout_regular_city, minmay_shoals_entry_centaurs,
          minmay_snake_entry_guardpost_small, minmay_lair_drake_nest

Skill      XL: |  1  2  3  4  5  6  7  8  9 10 11 12 |
---------------+-------------------------------------+-----
Unarmed Combat | 4 5 7 8 9 11 13 | 13.5
Dodging        | 3 6 8 9 |  9.2
Fighting       | 3 6 8 9 |  9.2

Action                   |  1- 3 |  4- 6 |  7- 9 | 10-12 || total
-------------------------+-------+-------+-------+-------++-------
Melee: Unarmed           |    69 |   144 |   399 |   378 ||   990
       Punch             |     1 |       |     9 |    21 ||    31
       Kick              |       |       |    28 |    98 ||   126
Invok: Berserk           |       |     1 |     1 |     3 ||     5
Evoke: Wand              |       |       |       |     4 ||     4
  Use: Scroll            |     1 |     5 |     4 |     1 ||    11
       Potion            |       |       |     2 |       ||     2
  Eat: Chunk             |     8 |    23 |    39 |    49 ||   119
       Ration            |     1 |       |       |       ||     1
Armor: Animal skin       |    36 |       |       |       ||    36
       Acid dragon scale |    10 |    93 |   231 |   149 ||   483
Dodge: Dodged            |    26 |    95 |   215 |   204 ||   540

Table legend:
 A = Non-vault XP
 B = Vault XP
 C = Vault XP percentage of total XP
 D = Non-vault monster count
 E = Vault monster count
 F = Vault count percentage of total count
                 A         B        C        D         E       F
            +---------+---------+-------+---------+---------+-------
      Total |   19608 |    4679 |  19.3 |     272 |      22 |   7.5
            +---------+---------+-------+---------+---------+-------
        D:1 |      15 |       0 |   0.0 |       9 |       0 |   0.0
        D:2 |      29 |       0 |   0.0 |      13 |       0 |   0.0
        D:3 |     168 |       5 |   2.9 |      35 |       2 |   5.4
        D:4 |     151 |     319 |  67.9 |      12 |       2 |  14.3
        D:5 |     316 |     223 |  41.4 |       9 |       2 |  18.2
        D:6 |     714 |     277 |  28.0 |      18 |       1 |   5.3
        D:7 |     536 |     172 |  24.3 |      10 |       1 |   9.1
        D:8 |     710 |       0 |   0.0 |      28 |       0 |   0.0
        D:9 |    2127 |       0 |   0.0 |      48 |       0 |   0.0
       D:10 |    2913 |       0 |   0.0 |      37 |       0 |   0.0
     Lair:1 |    3403 |    3683 |  52.0 |      18 |      14 |  43.8
     Lair:2 |    2448 |       0 |   0.0 |      15 |       0 |   0.0
     Lair:3 |    4922 |       0 |   0.0 |      15 |       0 |   0.0
     Lair:4 |    1156 |       0 |   0.0 |       5 |       0 |   0.0
            +---------+---------+-------+---------+---------+-------
